 Dungeon Crawl Stone Soup version 0.26.1-11-gd32895ea62 (webtiles) character file.

Game seed: 12033516564198536055

1069 nothank2 the Frost Mage (level 8, -10/46 HPs)
             Began as a Merfolk Ice Elementalist on July 12, 2021.
             Was a Follower of Hepliaklqana.
             Killed by divine providence
             ... invoked by an orc priest
              (13 damage)
             ... on level 5 of the Dungeon.
             The game lasted 00:19:26 (4854 turns).

nothank2 the Frost Mage (Merfolk Ice Elementalist)  Turns: 4854, Time: 00:19:27

Health: -10/46     AC:  5    Str:  8    XL:     8   Next: 28%
Magic:  11/17      EV: 13    Int: 23    God:    Hepliaklqana [*.....]
Gold:   243        SH:  0    Dex: 14    Spells: 15/19 levels left

rFire    . . .     SeeInvis .   n - +0 scythe
rCold    . . .     Faith    .   (shield currently unavailable)
rNeg     . . .     Spirit   .   g - +2 robe {Will+}
rPois    .         Reflect  .   (no helmet)
rElec    .         Harm     .   i - +0 cloak
rCorr    .         Rampage  .   (no gloves)
Will     +....                  (no boots)
Stlth    ++........             (no amulet)
HPRegen  0.15/turn              s - +6 ring of intelligence
MPRegen  0.15/turn              w - ring of flight

@: no status effects
A: change form in water, swift swim, stealthy swim, reduced essence
a: Renounce Religion, Evoke Flight, Recall Ancestor, Ancestor Identity


You were on level 5 of the Dungeon.
You worshipped Hepliaklqana.
Hepliaklqana was aware of your devotion.
You visited 1 branch of the dungeon, and saw 5 of its levels.

You collected 243 gold pieces.

Inventory:

Hand Weapons
 c - a +0 dagger
 e - a +0 spear
 n - a +0 scythe (weapon)
 y - a +2 quarterstaff of pain
Armour
 a - a +0 robe
 g - a +2 robe of willpower (worn)
 i - a +0 cloak (worn)
Jewellery
 s - a +6 ring of intelligence (left hand)
 w - a ring of flight (right hand)
Wands
 m - a wand of random effects (16)
 x - a wand of iceblast (8)
Scrolls
 h - 2 scrolls of remove curse {unknown}
 l - 2 scrolls of blinking {unknown}
 o - 2 scrolls of identify {unknown}
 q - 3 scrolls of enchant weapon {unknown}
 r - a scroll of fog {unknown}
 t - a scroll of amnesia {unknown}
 u - 2 scrolls of teleportation {unknown}
 v - a scroll of immolation {unknown}
Potions
 b - a potion of degeneration {unknown}
 d - 2 potions of curing {unknown}
 f - a potion of attraction {unknown}
 j - a potion of lignification {unknown}
 k - 2 potions of might {unknown}
 p - 4 potions of magic {unknown}
 z - a potion of cancellation {unknown}


   Skills:
 - Level 2.6 Dodging
 - Level 2.1 Stealth
 + Level 6.4 Spellcasting
 + Level 8.5 Ice Magic


You had 15 spell levels left.
You knew the following spells:

 Your Spells              Type           Power        Failure   Level
a - Freeze                Ice            100%         1%          1
b - Frozen Ramparts       Ice            92%          1%          3

Your spell library contained the following spells:

 Spells                   Type           Power        Failure   Level
 Ozocubu's Armour         Ice            46%          1%          3
 Hailstorm                Conj/Ice       27%          14%         4
 Summon Ice Beast         Ice/Summ       27%          14%         4


Dungeon Overview and Level Annotations

Branches:
Dungeon (5/15)
 Temple: D:4-7

Altars:
Ashenzari
Hepliaklqana
Okawaru
Trog

Annotations:
D:3 3 runed translucent doors, promet's ghost, amateur GnTm
D:4 Eustachio; Grinder


Message History

The orc wizard gestures wildly while chanting.
The orc wizard blinks!
Bozena hits the orc.
The orc dies!
The orc priest hits Bozena with a +0 club.
Bozena is destroyed!
The orc wizard casts a spell.
The orc wizard blinks!
Aiming: Freeze (safe; 1% risk of failure)
Press: ? - help, Q - select action, (/) - cycle Shift-Dir - straight line, f - orc priest, p - orc wizard
Aim: an orc priest, wielding a +0 club You freeze the orc priest!
The orc priest is severely wounded.
Aiming: Freeze (safe; 1% risk of failure)
Press: ? - help, Q - select action, (/) - cycle Shift-Dir - straight line, f/p - orc priest
Aim: an orc priest, wielding a +0 club (severely wounded)
You freeze the orc priest.
The orc priest is almost dead.
The orc priest calls down the wrath of Beogh upon you.
Beogh smites you!
You die...

#........o
#.........
##.........
. ..........
.(
###...o.....
#?
#...........
#.#.$o<...#
#.....>..##
###.@o....#
#.†###...#
##.# ..##
#..# .#
##..# # #...
...# #..#
...


You could see an orc priest and 2 orc wizards.

Vanquished Creatures
  Prince Ribbit (D:5)
  Sigmund (D:2)
  Duvessa (D:4)
  An ogre (D:4)
  A gnoll shaman (D:4)
  An orc wizard (D:4)
  2 centaur skeletons
  5 gnolls (D:4)
  An adder (D:3)
  4 worms
  3 leopard geckos
  4 orcs
  6 bats
  3 giant cockroaches
  5 goblins
  9 hobgoblins
  4 jackals
  7 kobolds
  2 quokkas
  11 frilled lizards
  8 rats
80 creatures vanquished.

Vanquished Creatures (collateral kills)
  An ogre (D:4)
  Dowan (D:4)
  A hound (D:3)
  A gnoll (D:4)
  4 adders
  A white imp (D:4)
  A dart slug (D:2)
  A leopard gecko (D:2)
  An orc (D:5)
  A giant cockroach (D:2)
  2 goblins
  A hobgoblin (D:3)
  4 jackals (D:3)
  A bat (D:2)
  A frilled lizard (D:2)
  A kobold (D:2)
23 creatures vanquished.

Vanquished Creatures (others)
  2 ancestors
2 creatures vanquished.

Grand Total: 105 creatures vanquished

Notes
Turn   | Place    | Note
-------+----------+-------------------------------------------
     0 | D:1      | nothank2 the Merfolk Ice Elementalist began the quest for
                  | the Orb.
     0 | D:1      | Reached XP level 1. HP: 13/13 MP: 3/3
   470 | D:1      | Reached XP level 2. HP: 19/19 MP: 1/5
   871 | D:1      | Reached XP level 3. HP: 24/24 MP: 4/6
   882 | D:1      | Reached skill level 5 in Ice Magic
  1252 | D:1      | Learned a level 3 spell: Frozen Ramparts
  1373 | D:2      | Found a broken altar of Ashenzari.
  1373 | D:2      | Found a hazy altar of Hepliaklqana.
  1383 | D:2      | Became a worshipper of Hepliaklqana the Forgotten
  1389 | D:2      | Noticed Sigmund
  1399 | D:2      | Killed Sigmund
  1400 | D:2      | Reached skill level 6 in Ice Magic
  1400 | D:2      | Reached XP level 4. HP: 14/27 MP: 5/10
  1400 | D:2      | Reached XP level 5. HP: 16/31 MP: 5/11
  1685 | D:2      | You fall into a shaft and drop 2 floors!
  1947 | D:3      | Reached XP level 6. HP: 36/36 MP: 8/12
  2061 | D:3      | Found a runed translucent gate.
  2067 | D:3      | Found a runed translucent gate.
  2068 | D:3      | Found a runed translucent gate.
  2068 | D:3      | Noticed promet's ghost (amateur GnTm)
  2166 | D:2      | Reached * piety under Hepliaklqana
  3508 | D:4      | Noticed Eustachio
  3512 | D:4      | Reached skill level 7 in Ice Magic
  3512 | D:4      | Reached XP level 7. HP: 41/41 MP: 10/14
  3947 | D:4      | Reached skill level 5 in Spellcasting
  4570 | D:4      | Found a bloodstained altar of Trog.
  4570 | D:4      | Found an iron altar of Okawaru.
  4769 | D:4      | Noticed Dowan
  4770 | D:4      | Noticed Duvessa
  4773 | D:4      | Killed Duvessa
  4774 | D:4      | Reached skill level 8 in Ice Magic
  4774 | D:4      | Killed Dowan
  4775 | D:4      | Reached XP level 8. HP: 46/46 MP: 11/17
  4829 | D:4      | Noticed Grinder
  4837 | D:5      | Entered Level 5 of the Dungeon
  4837 | D:5      | Noticed Prince Ribbit
  4847 | D:5      | Killed Prince Ribbit
  4849 | D:5      | HP: 2/46 [orc priest/divine providence (12)]
  4854 | D:5      | Killed from afar by an orc priest

Illustrated notes

Levels and vault maps discovered:
D:1:      saegor_arrival_simple_d, layout_rooms, corexii_corridor_pit,
          kennysheep_minor_cross, interstate_on_off, minmay_lizard_pond
D:2:      kennysheep_six_static_rooms, layout_rooms,
          chequers_temple_overflow_statue_of_worship, st_stairs_9, uniq_sigmund
D:3:      layout_basic, gammafunk_ghost_split, minmay_misc_feat_secret_circle
D:4:      layout_loops_ring, grunt_temple_overflow_bloody_war,
          minmay_fractal_squares_5, uniq_grinder, uniq_duvessa, uniq_eustachio
D:5:      layout_rooms, minmay_temple_entry_statues_pillars, hex_intersection,
          guppyfry_early_orc_mine, uniq_edmund, uniq_prince_ribbit1

Skill      XL: |  1  2  3  4  5  6  7 |
---------------+----------------------+-----
Ice Magic      | 6 7 8 |  8.5
Spellcasting   | 4 6 |  6.4
Dodging        | |  2.6
Stealth        | |  2.1

Action                   |  1- 3 |  4- 6 |  7- 9 || total
-------------------------+-------+-------+-------++-------
Melee: Unarmed           |    11 |       |       ||    11
       Dagger            |    11 |       |       ||    11
       Spear             |    44 |       |       ||    44
       Scythe            |       |    77 |    38 ||   115
 Cast: Freeze            |    32 |     3 |    11 ||    46
       Frozen Ramparts   |     1 |     5 |     8 ||    14
Invok: Recall Ancestor   |       |     1 |       ||     1
 Stab: Sleeping          |     3 |     5 |       ||     8
       Distracted        |       |     2 |     1 ||     3
Armor: Robe              |    14 |    28 |    10 ||    52
Dodge: Dodged            |    55 |    72 |    30 ||   157
